[Event "Early-Titled-Tuesday-Blitz-May-14-2024"]
[Site "Chess.com"]
[Date "2024.05.14"]
[Round "9"]
[White "SanchezKelvin"]
[Black "yonaltimur"]
[Result "1/2-1/2"]
[WhiteElo "2580"]
[BlackElo "2364"]
[TimeControl "180+1"]
[EndTime "9:49:15 PDT"]
[Termination "Game drawn - insufficient material"]

1. d4 d5 2. c4 e6 3. Nc3 a6 4.
Nf3 dxc4 5. e3 Nf6 6. Bxc4 c5 7. O-O b5 8. Bb3 Bb7 9. Re1 Nbd7 10. a4 b4 11. Ne2 Be7 12. Nf4 O-O 13. Ng5 Qb6 14. Nfxe6 fxe6 15. Bxe6+ Kh8 16. Nf7+ Rxf7 17. Bxf7 Rd8 18.
b3 Ne5 19. dxe5 Rxd1 20. Rxd1 Ne4 21. Bb2 g6 22. Rd7 Bf8 23. Rad1 Nc3 24. e6 Qc6 25. f3 Kg7 26. R1d3 c4 27. bxc4 Qxc4 28. R7d4 Ne2+ 29.
Kf2 Nxd4 30. Rxd4 Qa2 31. Rd2+ Kh6 32. Bg7+ Bxg7 33. Rxa2 b3 34. Rd2 b2 35. Rd1 Bf6 36. Rb1 Bd5 37. e4 Ba2 38. Re1 b1=Q 39. Rxb1 Bxb1 40.
f4 Kg7 41. e5 Be7 42. Be8 Ba2 43. Bd7 Kf8 44. g3 Bc5+ 45. Kf3 Ke7 46. Kg4 Bxe6+ 47. Bxe6 Kxe6 48. Kg5 Kf7 49. Kh6 Kg8 50. g4 Bf8+ 51. Kg5 Kf7 52. f5 h6+ 53. Kf4 a5 54. h4 Bb4 55. h5 Bd2+ 56. Ke4 gxh5 57. gxh5 Bc3 58. Kd5 Bb2 59. Kd6 Bc3 60. Kd5 Ke7 61. Ke4 Kd7 62. Kf4 Ke7 63. Ke4 Bb2 64. Kd5 Kd7 65. f6 Bc3 66. e6+ Ke8 67. f7+ Ke7 68. Kc6 Bb4 69. Kb5 Kxe6 70. f8=Q Bxf8 71. Kxa5 Kf5 72. Kb5 Bg7 73. Kc4 Ke4 74. a5 Bd4 75. a6 Ba7 76. Kc3 Ke3 77. Kc2 Ke2 78. Kc1 Ke1 79. Kc2 Kf2 80. Kd1 Kg3 81. Ke2 Kg4 82. Kf1 Kxh5 83. Kg2 Kg6 84. Kh1 Kf6 85. Kg2 Ke6 86. Kh1 Kd6 87. Kg2 Kc6 88. Kh3 Kb6 89. Kh4 Kxa6 90. Kh5 Be3 91. Kg4 Bf4 92. Kf3 h5 93. Kg2 h4 94. Kh1 h3 95. Kg1 h2+ 96. Kh1 Bg3 97. Kg2 h1=Q+ 98. Kxh1 1/2-1/2

[Event "Early-Titled-Tuesday-Blitz-May-14-2024"]
[Site "Chess.com"]
[Date "2024.05.14"]
[Round "9"]
[White "rasmussvane"]
[Black "Rodalquilar"]
[Result "1-0"]
[WhiteElo "2976"]
[BlackElo "2886"]
[TimeControl "180+1"]
[EndTime "9:49:23 PDT"]
[Termination "rasmussvane won on time"]

1. Nf3 d5 2. g3 Nf6 3. Bg2 Bf5 4. O-O e6 5. c4 c6 6. Qb3 Qb6 7. d3 h6 8. cxd5 Qxb3 9. axb3 exd5 10. Bd2 Nbd7 11.
b4 a6 12. Bc3 Be7 13. Nbd2 O-O 14. Nb3 Bd8 15. Nfd4 Bg6 16. h3 Bc7 17. f4 Ne8 18. g4 Nd6 19. Rae1 Rfe8 20. Bf3 f6 21. Kg2 Nb5 22.
Bd2 Bb6 23. Nc2 Bf7 24. h4 Nf8 25. Nc5 Bxc5 26. bxc5 d4 27. b4 Ne6 28. f5 Nec7 29. g5 hxg5 30. hxg5 fxg5 31. Bxg5 Bd5 32. Bd2 Bxf3+ 33.
Rxf3 Nd5 34. Kf2 Re5 35. Kg3 Rae8 36. Rf2 Rf8 37. Kg4 g6 38. e4 dxe3 39. Nxe3 Nxe3+ 40. Rxe3 Rexf5 41. Rxf5 Rxf5 42. Re6 Kf7 43. Re4 Rf2 44.
Bg5 Rg2+ 45. Kh4 Kf8 46. Bh6+ Kf7 47. Bg5 Kf8 48. Re6 Nd4 49. Rxg6 Nf3+ 50. Kh5 Rh2+ 51. Kg4 Nxg5 52. Rxg5 Rb2 53. Rf5+ Ke7 54. Rf4 Rb3 55. Rd4 Ke6 56. Kf4 a5 57. bxa5 Rb5 58. Rd6+ Ke7 59. a6 Rxc5 60. axb7 Rb5 61. Rxc6 Rxb7 62. Rh6 Kd8 63. d4 Rb5 64. Ke4 Rg5 65.
Rh7 Rg1 66. Kd5 Ra1 67. Ke5 Ra5+ 68. d5 Ra6 69. Rg7 Rb6 70. Ra7 Rh6 71. Kd4 Rg6 72. Kc5 Rg1 73. Rh7 Rg6 74. Rf7 Rh6 75. Rg7 Rf6 76.
Kd4 Rh6 77. Ke5 Ra6 78. Rb7 Rh6 79. Rb4 Rg6 80. Rf4 Rh6 81. Kd4 Ra6 82. Rf8+ Ke7 83. Rh8 Kd7 84. Ke5 Rg6 85. Rh7+ Kd8 86. Kd4 Ra6 87. Rb7 Rg6 88. Rb3 Rh6 89. Kc5 Rh1 90. Kc6 Rh6+ 91. d6 Kc8 92. Rg3 Rh8 93. Ra3 Kb8 94.
Rb3+ Kc8 95. d7+ Kd8 96. Rb8+ Ke7 97. Rxh8 1-0

[Event "Early-Titled-Tuesday-Blitz-May-14-2024"]
[Site "Chess.com"]
[Date "2024.05.14"]
[Round "9"]
[White "subham777"]
[Black "Orest_Vovk"]
[Result "1/2-1/2"]
[WhiteElo "2540"]
[BlackElo "2650"]
[TimeControl "180+1"]
[EndTime "9:49:33 PDT"]
[Termination "Game drawn by 50-move rule"]

1. e4 g5 2. d4 g4 3. c4 Bg7 4. Be2 h5 5. h3 c5 6. d5 Qb6 7.
Nc3 Bxc3+ 8. bxc3 Qa5 9. hxg4 hxg4 10. Rxh8 Qxc3+ 11. Bd2 Qxh8 12. Bxg4 Qd4 13. Bf3 Qxc4 14. Rc1 Qxa2 15. Rxc5 Na6 16. Rc2 Qa3 17. Rc3 Qd6 18. Qc1 Qb8 19. Ne2 d6 20. Nd4 Bd7 21. Be3 Nc5 22. Nb3 b6 23. Bf4 Nf6 24. Nxc5 bxc5 25. Kf1 Qb5+ 26. Kg1 Rb8 27. e5 dxe5 28. Bxe5 Rb6 29. Bxf6 Rxf6 30. Rxc5 Qb8 31. Qg5 Rg6 32. Qe3 Kf8 33. Qc3 Qb1+ 34. Qc1 Qxc1+ 35. Rxc1 a5 36. Rc7 Rd6 37. Ra7 a4 38. Bd1 Rxd5 39. Bxa4 Bxa4 40. Rxa4 Rd1+ 41. Kh2 f6 42. Kg3 Kf7 43.
f3 f5 44. Ra5 Kf6 45. Ra6+ e6 46. Rb6 Rd8 47. Ra6 Rd2 48. Rb6 Re2 49. Ra6 Kg5 50.
f4+ Kf6 51. Kf3 Rb2 52. g3 Rb3+ 53. Kg2 Rc3 54. Kf2 Rc4 55. Rb6 Re4 56. Ra6 Kg6 57.
Rb6 Kh5 58. Rb8 Kg6 59. Rg8+ Kf7 60. Rb8 Ra4 61. Rb7+ Kf6 62. Rb8 Ra7 63. Rf8+ Ke7 64. Rb8 Kd6 65. Rb5 Rc7 66. Kg2 Rc5 67. Rb6+ Kd5 68.
Kh3 Rc8 69. Rb4 Rh8+ 70. Kg2 Rc8 71. Kh3 Rc3 72. Kh4 Rc7 73. Kh3 Rg7 74. Kg2 Kc5 75. Ra4 Rd7 76. Kh3 Kb5 77. Ra1 Rh7+ 78. Kg2 Kc4 79.
Re1 Re7 80. Re5 Kd4 81. Kh3 Rh7+ 82. Kg2 Rh6 83. Kf3 Kd3 84. Re3+ Kd4 85. Re5 Kc4 86.
Ke3 Rg6 87. Kf3 Kd4 88. Re3 Kd5 89. Re5+ Kd6 90. Kf2 Rg8 91. Kf3 Rc8 92. Re1 Rc3+ 93. Kg2 Rc4 94. Kh3 Kd5 95. Kh4 Rc3 96. Re5+ Kd6 97. Kh3 Rb3 98. Kh4 Rd3 99. Kh3 Rd5 100. Re1 Rd2 101. Re3 Rd1 102. Kg2 1/2-1/2

[Event "Early-Titled-Tuesday-Blitz-May-14-2024"]
[Site "Chess.com"]
[Date "2024.05.14"]
[Round "9"]
[White "FaustinoOro"]
[Black "Korchmar_Vasiliy"]
[Result "1/2-1/2"]
[WhiteElo "2929"]
[BlackElo "2686"]
[TimeControl "180+1"]
[EndTime "9:49:45 PDT"]
[Termination "Game drawn by 50-move rule"]

1. Nf3 Nf6 2. b3 g6 3. Bb2 Bg7 4. c4 O-O 5. g3 b6 6. Bg2 Bb7 7. O-O d5 8. cxd5 Qxd5 9. Nh4 Ne4 10. Bxg7 Kxg7 11. Qc2 Qe5 12. Na3 c5 13. Nc4 Qe6 14.
d3 Nd6 15. Nxd6 Bxg2 16. Ndf5+ gxf5 17. Nxg2 Nc6 18. Nf4 Qe5 19. e3 Nb4 20. Qc4 Rad8 21.
d4 Qe4 22. Qc3 Qc2 23. Qxc2 Nxc2 24. Rac1 Nb4 25. dxc5 e5 26. Ng2 Nd3 27. Rc3 Nxc5 28. Nh4 Kf6 29. Rfc1 Rd6 30. b4 Ne4 31. Rc7 a5 32. bxa5 bxa5 33. Ra7 Rb8 34. Rcc7 Ng5 35. Rd7 Rc6 36. Rac7 Rxc7 37. Rxc7 Rb2 38. Rc6+ Ne6 39. a4 Rb4 40. Ra6 Rxa4 41. Nf3 Ra2 42. h4 h6 43. Kg2 a4 44. Nh2 Ke7 45. Nf3 f6 46. Ra7+ Kd6 47. Rf7 Nc5 48. Rxf6+ Kd5 49. Rxf5 Nd3 50.
Nh2 a3 51. Ng4 Rxf2+ 52. Nxf2 a2 53. Nxd3 a1=Q 54. Rxe5+ Kc4 55. Re6 Kxd3 56. Rxh6 Qa2+ 57. Kh3 Qb1 58. Rd6+ Kxe3 59. Re6+ Kf3 60. Rf6+ Ke4 61. Rf4+ Ke3 62. Kg4 Qd1+ 63. Kh3 Qd7+ 64. Kg2 Qd2+ 65. Kh3 Qd1 66. Kg2 Qb1 67. Rf8 Qa2+ 68. Kh3 Qe6+ 69. Kg2 Qc6+ 70. Kh2 Qc2+ 71. Kh3 Qb1 72. Re8+ Kd4 73.
Rd8+ Ke5 74. Re8+ Kf6 75. Rf8+ Kg6 76. Kg2 Qb2+ 77. Rf2 Qb7+ 78. Kh2 Qb6 79. Rf4 Qe3 80. Kh3 Qe6+ 81. Kh2 Qe2+ 82. Kh3 Kh5 83. Rf5+ Kg6 84. Rf4 Qd1 85. Kh2 Kh6 86. Rf6+ Kh5 87. Rf5+ Kg4 88. Rf4+ Kh5 89. Rf5+ Kg6 90. Rf4 Kg7 91. Kg2 Qe2+ 92. Rf2 Qe1 93. Rf4 Kg6 94. Rg4+ Kf5 95. Rf4+ Ke5 96. Kh2 Qd2+ 97. Kh3 Qc1 98. Kg2 Qb2+ 99. Kh3 Qa1 100. Kh2 Qa8 101. Kh3 Qh1+ 102. Kg4 Qg2 103. Rf5+ Ke6 104. Rf4 Ke5 105. Rf5+ Ke4 106. Rf4+ Ke3 107. Rf5 Qe4+ 108. Rf4 Qg6+ 1/2-1/2

[Event "Early-Titled-Tuesday-Blitz-May-14-2024"]
[Site "Chess.com"]
[Date "2024.05.14"]
[Round "9"]
[White "ChristopherYoo"]
[Black "rpragchess"]
[Result "0-1"]
[WhiteElo "3002"]
[BlackElo "3115"]
[TimeControl "180+1"]
[EndTime "9:49:46 PDT"]
[Termination "rpragchess won by resignation"]

1. e4 Nc6 2. Nf3 d6 3. d4 Nf6 4. Nc3 g6 5. h3 Bg7 6. Be3 a6 7. Qd2 b5 8. a3 O-O 9. d5 Nb8 10.
Bh6 c5 11. dxc6 Nxc6 12. Bd3 Be6 13. O-O Qb6 14. Rfe1 Rfd8 15. Rad1 b4 16. axb4 Nxb4 17. Bf1 Nc6 18. b3 d5 19. Bxg7 Kxg7 20. exd5 Bxd5 21. Nxd5 Rxd5 22. Qc3 Kg8 23. Rxd5 Nxd5 24. Qd2 Rd8 25. Bc4 Nf6 26. Qe2 e6 27. Bxa6 Qa5 28. Bc4 Qc3 29. Rd1 Ra8 30. Qd2 Qxd2 31. Rxd2 Ra1+ 32. Kh2 Ne4 33. Re2 Nd6 34. Bd3 Nb4 35. Rd2 Rc1 36. Bxg6 hxg6 37. Rxd6 Rxc2 38. Rd2 Rc3 39. Nd4 Nd3 40.
f3 e5 41. Nc6 Rxb3 42. Ne7+ Kg7 43. Nd5 Ra3 44. Rc2 Ra5 45. Ne3 Nf4 46. Rd2 Rc5 47.
g3 Ne6 48. Kg2 Kf8 49. Ng4 Ke7 50. Re2 f6 51. Ra2 Rc7 52. Ne3 Rd7 53. h4 f5 54.
h5 f4 55. Ng4 gxh5 56. Nxe5 Rd5 57. Ng6+ Kf6 58. Nh4 fxg3 59. Kxg3 Rg5+ 60. Kf2 Rb5 61. Ra6 Rb4 62. Kg3 Rb5 63. Ng2 Kf7 64. Ne3 Nd4 65. Kf2 Rb3 66. Nd5 Rxf3+ 67. Kg2 Rf5 68.
Ra7+ Ke6 69. Ne3 Rb5 70. Ra6+ Ke5 71. Ra8 Kf4 72. Nf1 Rb2+ 73. Kh3 Nf5 74. Ra4+ Kg5 75.
Nh2 Rf2 76. Rc4 Ne3 77. Rc5+ Kg6 78. Rc6+ Kg5 79. Rc5+ Nf5 80. Rc4 Ra2 81. Rc3 Kf4 82.
Rf3+ Ke4 83. Rb3 Nd4 84. Rg3 Ne2 85. Rg8 Nf4+ 86. Kh4 Rxh2+ 87. Kg5 Rg2+ 88. Kh4 Rh2+ 89. Kg5 Kf3 90. Rf8 Rg2+ 91. Kf5 h4 92. Ra8 Rf2 93. Ra3+ Kg2 94. Kg4 h3 95. Rg3+ Kh2 96. Ra3 Kg1 97. Rg3+ Rg2 98. Kxf4 Rxg3 99. Kxg3 h2 100.
Kf3 h1=Q+ 0-1

[Event "Early-Titled-Tuesday-Blitz-May-14-2024"]
[Site "Chess.com"]
[Date "2024.05.14"]
[Round "10"]
[White "GeorgiosSouleidis"]
[Black "Gareth-Bale11"]
[Result "1/2-1/2"]
[WhiteElo "2680"]
[BlackElo "2881"]
[TimeControl "180+1"]
[EndTime "9:51:39 PDT"]
[Termination "Game drawn by repetition"]

1. e4 e5 2. Nc3 Nf6 3. d4 exd4 4.
Qxd4 Nc6 5. Qd3 d5 6. Bf4 d4 7. Nb5 Bb4+ 8. c3 dxc3 9. Qxd8+ Kxd8 10. bxc3 Ba5 11. O-O-O+ Bd7 12. f3 a6 13. Nd4 Nxd4 14.
cxd4 Ba4 15. Rd3 Bb5 16. Rd1 Ba4 17. Rd3 Bb5 18. Rd1 Ba4 1/2-1/2

[Event "Early-Titled-Tuesday-Blitz-May-14-2024"]
[Site "Chess.com"]
[Date "2024.05.14"]
[Round "10"]
[White "mapleaff"]
[Black "KorolDimitriy75"]
[Result "1/2-1/2"]
[WhiteElo "2305"]
[BlackElo "2397"]
[TimeControl "180+1"]
[EndTime "9:51:54 PDT"]
[Termination "Game drawn by repetition"]

1. d4 Nf6 2. Bf4 c5 3. e3 Qb6 4. Nc3 Qxb2 5. Nb5 Nd5 6. Rb1 Qxa2 7. Ra1 Qb2 8. Rb1 Qa2 9. Ra1 Qb2 10.
Rb1 Qa2 1/2-1/2

[Event "Early-Titled-Tuesday-Blitz-May-14-2024"]
[Site "Chess.com"]
[Date "2024.05.14"]
[Round "10"]
[White "Zq1"]
[Black "wild3000"]
[Result "1-0"]
[WhiteElo "2617"]
[BlackElo "2502"]
[TimeControl "180+1"]
[EndTime "9:52:10 PDT"]
[Termination "Zq1 won by resignation"]

1. d4 d5 2. c4 e6 3. Nf3 Nf6 4.
Nc3 c5 5. cxd5 Nxd5 6. e4 Nxc3 7. bxc3 cxd4 8. cxd4 Bb4+ 9. Bd2 Bxd2+ 10. Qxd2 O-O 11. Bc4 Nc6 12. O-O b6 13. Rad1 Na5 14. Bd3 Bb7 15.
d5 exd5 16. e5 d4 17. Nxd4 Qh4 18. Nf5 Qg4 19. f3 Qd4+ 20. Nxd4 1-0

[Event "Early-Titled-Tuesday-Blitz-May-14-2024"]
[Site "Chess.com"]
[Date "2024.05.14"]
[Round "10"]
[White "Kushch_Nikolai"]
[Black "SlavenPastar"]
[Result "0-1"]
[WhiteElo "2415"]
[BlackElo "2623"]
[TimeControl "180+1"]
[EndTime "9:52:12 PDT"]
[Termination "SlavenPastar won by resignation"]

1. Nf3 Nf6 2. c4 b6 3. g3 Bb7 4. Bg2 e6 5. O-O Be7 6. Nc3 O-O 7. d4 d5 8. cxd5 exd5 9. Bf4 Nbd7 10. Rc1 c6 11. a3 Re8 12. Re1 Nf8 13. b4 Ne6 14.
Be5 a5 15. Qb3 axb4 16. axb4 b5 17. e4 dxe4 18. Bxf6 exf3 19. Bxe7 Rxe7 20. Bxf3 Nxd4 21. Qd1 Rxe1+ 0-1

[Event "Early-Titled-Tuesday-Blitz-May-14-2024"]
[Site "Chess.com"]
[Date "2024.05.14"]
[Round "10"]
[White "SuperJesus88"]
[Black "Buzhizhebuguai"]
[Result "1-0"]
[WhiteElo "2571"]
[BlackElo "2764"]
[TimeControl "180+1"]
[EndTime "9:52:43 PDT"]
[Termination "SuperJesus88 won by resignation"]

1. e4 e6 2. d4 d5 3. Nd2 Nf6 4. e5 Ne4 5. Nxe4 dxe4 6. f3 c5 7. c3 cxd4 8. cxd4 Bb4+ 9. Kf2 Nc6 10. Be3 exf3 11. Nxf3 O-O 12. Bd3 f6 13. exf6 Qxf6 14.
Rf1 Ba5 15. Kg1 Qe7 16. Bxh7+ Kxh7 17. Ng5+ Kg8 18. Qh5 g6 19. Qxg6+ Qg7 20. Rxf8+ Kxf8 21. Rf1+ Kg8 22. Qe8+ 1-0

[Event "Early-Titled-Tuesday-Blitz-May-14-2024"]
[Site "Chess.com"]
[Date "2024.05.14"]
[Round "10"]
[White "Vincent_Vega95"]
[Black "the_chess_child"]
[Result "0-1"]
[WhiteElo "2785"]
[BlackElo "2900"]
[TimeControl "180+1"]
[EndTime "9:52:55 PDT"]
[Termination "the_chess_child won by resignation"]

1. Nf3 Nf6 2. c4 g6 3. Nc3 Bg7 4. e4 O-O 5. d4 d6 6. Be2 e5 7. O-O Nc6 8. d5 Ne7 9. b4 a5 10. Ba3 axb4 11. Bxb4 b6 12. a4 Nh5 13. Re1 Nf4 14. Bf1 f5 15. g3 fxe4 16. Nxe4 Nh3+ 17. Bxh3 Bxh3 18. Nfd2 Nf5 19. Ng5 Qxg5 0-1

[Event "Early-Titled-Tuesday-Blitz-May-14-2024"]
[Site "Chess.com"]
[Date "2024.05.14"]
[Round "10"]
[White "praveenb2002"]
[Black "bescmelasti"]
[Result "1-0"]
[WhiteElo "2849"]
[BlackElo "2627"]
[TimeControl "180+1"]
[EndTime "9:53:10 PDT"]
[Termination "praveenb2002 won by resignation"]

1. c4 e5 2. g3 c6 3. Nf3 e4 4. Nd4 d5 5. cxd5 Qxd5 6. e3 Nf6 7. Nc3 Qe5 8. Bg2 Be7 9. O-O Na6 10. f4 exf3 11.
Nxf3 Qh5 12. d4 Bh3 13. e4 Bxg2 14. Kxg2 Nc7 15. Qb3 b5 16. Ne5 b4 17. Rf5 Qxf5 18.
Qxf7+ Kd8 1-0

[Event "Early-Titled-Tuesday-Blitz-May-14-2024"]
[Site "Chess.com"]
[Date "2024.05.14"]
[Round "10"]
[White "monomita"]
[Black "ChainedDowntohell"]
[Result "1-0"]
[WhiteElo "2751"]
[BlackElo "2581"]
[TimeControl "180+1"]
[EndTime "9:53:56 PDT"]
[Termination "monomita won by resignation"]

1. Nf3 d5 2. e3 c5 3. b3 f6 4. d4 cxd4 5. exd4 Nc6 6. c4 e6 7. Be2 Bb4+ 8. Bd2 Nge7 9. O-O O-O 10. c5 Bxd2 11. Qxd2 e5 12. b4 Bg4 13. Nxe5 fxe5 14. Bxg4 Nxd4 15. Nc3 a5 16. b5 Ng6 17.
Rae1 Qh4 18. Bd7 Qg5 19. Qxg5 1-0

[Event "Early-Titled-Tuesday-Blitz-May-14-2024"]
[Site "Chess.com"]
[Date "2024.05.14"]
[Round "10"]
[White "maurovargas01"]
[Black "MikeWizard"]
[Result "0-1"]
[WhiteElo "1944"]
[BlackElo "2012"]
[TimeControl "180+1"]
[EndTime "9:54:06 PDT"]
[Termination "MikeWizard won by resignation"]

1. e4 c5 2. Nc3 g6 3. f4 Bg7 4. Nf3 Nc6 5. Bb5 Nd4 6. Nxd4 cxd4 7. Ne2 Qb6 8. Bd3 d6 9. O-O Nf6 10. f5 Bd7 11. c3 dxc3+ 12. Kh1 cxb2 13. Rb1 bxc1=Q 14. Rxb6 Qxd1 15. Rxd1 axb6 16. fxg6 hxg6 17. Bc4 Ng4 18.
Rc1 Rc8 19. h3 b5 20. Bb3 Rxc1+ 21. Nxc1 Nf2+ 22. Kg1 Nxe4 23. Nd3 Nc5 24. Nxc5 dxc5 25. d3 Be6 26. Kf2 Bxb3 27. axb3 O-O 28. Kf3 Rd8 29.
Ke4 Rd4+ 30. Ke3 Rb4 0-1

[Event "Early-Titled-Tuesday-Blitz-May-14-2024"]
[Site "Chess.com"]
[Date "2024.05.14"]
[Round "10"]
[White "yonaltimur"]
[Black "MathiasWomacka"]
[Result "0-1"]
[WhiteElo "2359"]
[BlackElo "2512"]
[TimeControl "180+1"]
[EndTime "9:54:21 PDT"]
[Termination "MathiasWomacka won by resignation"]

1. e4 c5 2. Nf3 d6 3. Bb5+ Nd7 4. O-O a6 5. Bd3 Ngf6 6. Re1 b5 7. c3 Bb7 8. Bc2 Qc7 9. d4 cxd4 10. Qxd4 g6 11. a4 Bg7 12. Qd3 Nc5 13. Qe2 bxa4 14. Bxa4+ Nxa4 15. Rxa4 O-O 16. Bf4 Bc6 17. Rb4 a5 18. Rc4 Qb7 19.
Nd4 Bxe4 20. f3 Bd5 21. Ra4 e5 0-1

[Event "Early-Titled-Tuesday-Blitz-May-14-2024"]
[Site "Chess.com"]
[Date "2024.05.14"]
[Round "10"]
[White "Vesper2018"]
[Black "GelmanAlexander"]
[Result "1-0"]
[WhiteElo "2571"]
[BlackElo "2657"]
[TimeControl "180+1"]
[EndTime "9:54:33 PDT"]
[Termination "Vesper2018 won by resignation"]

1. e4 c5 2. Nc3 e6 3. Nf3 a6 4. g3 d6 5. Bg2 Nf6 6. d4 cxd4 7.
Nxd4 Be7 8. O-O Qc7 9. f4 O-O 10. Be3 Bd7 11. g4 Nc6 12. g5 Ne8 13. Qh5 g6 14. Qh6 f6 15. f5 Ng7 16. fxg6 hxg6 17. Qxg6 Ne5 18. Qh6 Ng4 19. Qh3 Nxe3 20. g6 1-0

[Event "Early-Titled-Tuesday-Blitz-May-14-2024"]
[Site "Chess.com"]
[Date "2024.05.14"]
[Round "10"]
[White "ATM622"]
[Black "Fjal"]
[Result "1-0"]
[WhiteElo "2540"]
[BlackElo "2342"]
[TimeControl "180+1"]
[EndTime "9:54:34 PDT"]
[Termination "ATM622 won by resignation"]

1. d4 d6 2. c4 e5 3. e3 Nf6 4. Nc3 Nc6 5. d5 Ne7 6. Nf3 g6 7. e4 Bg7 8. Be2 O-O 9. O-O Ne8 10. Ne1 f5 11. Qb3 f4 12. Nf3 h6 13. h3 g5 14. Nh2 Nf6 15. Ng4 Nxg4 16. hxg4 Bxg4 17. Bxg4 f3 18. Bxf3 Rxf3 19. gxf3 Ng6 20. Ne2 Nf4 21. Bxf4 gxf4 22. Rfd1 Qh4 23. Kf1 b6 24. Ke1 Rf8 25. Kd2 Qxf2 26. Rf1 Qh4 27. Rg1 Kh8 28. Rg4 Qf2 29. Rag1 Rf7 30. Qb5 Qe3+ 31. Ke1 Qxf3 32. Qe8+ Rf8 33. Qe7 1-0

[Event "Early-Titled-Tuesday-Blitz-May-14-2024"]
[Site "Chess.com"]
[Date "2024.05.14"]
[Round "10"]
[White "becemix"]
[Black "scarabee43"]
[Result "0-1"]
[WhiteElo "2592"]
[BlackElo "2803"]
[TimeControl "180+1"]
[EndTime "9:54:37 PDT"]
[Termination "scarabee43 won by resignation"]

1. e4 c5 2. c3 d5 3. exd5 Qxd5 4. d4 Nf6 5. Nf3 Nc6 6. Be3 cxd4 7. cxd4 Bg4 8. Be2 e6 9. Nc3 Qa5 10. h3 Bh5 11. O-O Be7 12. a3 O-O 13. b4 Qc7 14. Rc1 Qd6 15. Qb3 Rfd8 16. Rfd1 a5 17. b5 Na7 18. a4 Nc8 19. g4 Bg6 20. Ne5 Nb6 21.
g5 Nfd5 22. Nxg6 hxg6 23. Bf3 Nxe3 24. fxe3 Qg3+ 25. Bg2 Qxe3+ 26. Kh1 Bxg5 27. Qc2 Rac8 28. Rd3 Qxc1+ 0-1

[Event "Early-Titled-Tuesday-Blitz-May-14-2024"]
[Site "Chess.com"]
[Date "2024.05.14"]
[Round "10"]
[White "DrVelja"]
[Black "Josgar05"]
[Result "0-1"]
[WhiteElo "2906"]
[BlackElo "2480"]
[TimeControl "180+1"]
[EndTime "9:54:39 PDT"]
[Termination "Josgar05 won by resignation"]

1. Nf3 Nf6 2. g3 g6 3. Bg2 Bg7 4. O-O O-O 5. Re1 d5 6. d3 Nbd7 7. Nbd2 e5 8. e4 dxe4 9. dxe4 Re8 10. Qe2 c6 11. Nc4 Qc7 12. Rd1 Bf8 13. a4 b5 14.
Ncd2 a6 15. Nf1 Bb7 16. Ne1 Nc5 17. axb5 cxb5 18. f3 Ne6 19. c3 Bc5+ 20. Kh1 Rad8 21.
Nd3 Bb6 22. Bf4 exf4 23. g4 Nc5 24. Nb4 a5 25. Nc2 Nb3 26. Rab1 Ba6 27. g5 Nh5 28. Nd2 Nxd2 29. Rxd2 Rxd2 30. Qxd2 Rd8 31. Qe2 Qd6 32. Nd4 Bxd4 33. Rd1 Qc5 34. cxd4 Rxd4 0-1

[Event "Early-Titled-Tuesday-Blitz-May-14-2024"]
[Site "Chess.com"]
[Date "2024.05.14"]
[Round "10"]
[White "LeoWin2012"]
[Black "Likvidator228"]
[Result "0-1"]
[WhiteElo "2333"]
[BlackElo "2542"]
[TimeControl "180+1"]
[EndTime "9:54:45 PDT"]
[Termination "Likvidator228 won by resignation"]

1. e4 c5 2. Nf3 g6 3. d4 cxd4 4. Nxd4 Bg7 5. c4 Nc6 6. Be3 Qb6 7. Nb5 Qa5+ 8. Bd2 Qd8 9. Bc3 Nf6 10. e5 Ng8 11. Qe2 a6 12. Nd6+ exd6 13. exd6+ Kf8 14. Nd2 Bxc3 15. bxc3 Kg7 16. g3 Nf6 17. O-O-O Re8 18. Qd3 Qa5 19. Qc2 b5 20. Nb3 Qa3+ 21.
Kb1 bxc4 22. Bxc4 a5 23. Rhe1 Rxe1 24. Rxe1 a4 25. Nd2 Rb8+ 26. Ka1 Qxd6 27. Ne4 Nxe4 28.
Qxe4 Qd2 0-1

[Event "Early-Titled-Tuesday-Blitz-May-14-2024"]
[Site "Chess.com"]
[Date "2024.05.14"]
[Round "10"]
[White "ReinisUz"]
[Black "BillCoe"]
[Result "1-0"]
[WhiteElo "2424"]
[BlackElo "2191"]
[TimeControl "180+1"]
[EndTime "9:54:47 PDT"]
[Termination "ReinisUz won by resignation"]

1. c4 g6 2. Nc3 Bg7 3. g3 Nf6 4. Bg2 O-O 5. e4 d6 6. Nge2 c5 7. O-O a6 8. d3 Nc6 9. Rb1 Bd7 10. a3 Rb8 11. b4 b6 12. h3 Qc8 13. Kh2 e6 14. f4 Nd4 15. Nxd4 cxd4 16. Ne2 e5 17. fxe5 dxe5 18. Bg5 Qc6 19. Qd2 Rb7 20. a4 Bc8 21. b5 axb5 22. axb5 Qe6 23. Ra1 Re8 24. Ra8 Nd7 25.
Rfa1 Nc5 26. R1a3 f6 27. Bh6 Rf7 28. Bxg7 Kxg7 29. g4 Bb7 30. Rxe8 Qxe8 31. Ng3 Bc8 32. Ra8 Qd7 33. Bf1 Qb7 34. Qa2 Rf8 35. Ra7 1-0

[Event "Early-Titled-Tuesday-Blitz-May-14-2024"]
[Site "Chess.com"]
[Date "2024.05.14"]
[Round "10"]
[White "David_George21"]
[Black "ValeriyGrinev"]
[Result "1-0"]
[WhiteElo "2400"]
[BlackElo "2579"]
[TimeControl "180+1"]
[EndTime "9:54:50 PDT"]
[Termination "David_George21 won by resignation"]

1. e4 c6 2. d4 d5 3. Nc3 dxe4 4. Nxe4 Bf5 5. Ng3 Bg6 6. h4 h6 7. h5 Bh7 8. Nf3 Nd7 9. Bd3 Bxd3 10. Qxd3 e6 11. c3 Ngf6 12. Bf4 Be7 13. Ne5 O-O 14.
O-O Nxe5 15. Bxe5 c5 16. Rad1 Qb6 17. Qc2 Rfd8 18. dxc5 Qxc5 19. Bd4 Qg5 20. Be3 Qg4 21. Rxd8+ Rxd8 22. Bxa7 Qh4 23. Rd1 Ng4 24. Rxd8+ Bxd8 25. Qe4 Bc7 26. Qxb7 Bxg3 27. fxg3 Qxg3 28. Qb8+ Qxb8 29. Bxb8 Kf8 30. a4 Ke7 31. a5 Kd7 32. b4 Ne3 33. b5 Nc4 34. a6 Kc8 35. Bg3 e5 36. Bf2 f5 37. b6 e4 38. b7+ Kc7 39. Bg3+ 1-0

[Event "Early-Titled-Tuesday-Blitz-May-14-2024"]
[Site "Chess.com"]
[Date "2024.05.14"]
[Round "10"]
[White "Gangster-accountant01"]
[Black "Mikasinski"]
[Result "1-0"]
[WhiteElo "2566"]
[BlackElo "2646"]
[TimeControl "180+1"]
[EndTime "9:54:56 PDT"]
[Termination "Gangster-accountant01 won by resignation"]

1. c4 e5 2. g3 Nc6 3. Bg2 Bc5 4. Nc3 d6 5. e4 h5 6. h3 h4 7. g4 Nge7 8. d3 Nd4 9. Be3 Nec6 10. Nge2 a6 11. Nd5 b5 12. Rc1 b4 13. Nxd4 Nxd4 14. Bxd4 Bxd4 15. Nxb4 Bxb2 16. Rc2 Bd4 17. Nc6 Qd7 18.
Nxd4 exd4 19. O-O O-O 20. f4 c5 21. Qe1 Qe7 22. g5 Rb8 23. Qxh4 Bd7 24. Re2 Rfe8 25. f5 Qe5 26. g6 Qf6 27. Qh7+ Kf8 28. e5 dxe5 29.
gxf7 Kxf7 30. Bd5+ Ke7 31. Rg2 Kd6 32. Rg6 1-0

[Event "Early-Titled-Tuesday-Blitz-May-14-2024"]
[Site "Chess.com"]
[Date "2024.05.14"]
[Round "10"]
[White "Happy1712Drummer"]
[Black "ChessSwole"]
[Result "0-1"]
[WhiteElo "2447"]
[BlackElo "2599"]
[TimeControl "180+1"]
[EndTime "9:55:07 PDT"]
[Termination "ChessSwole won by checkmate"]

1. e4 e5 2. Nf3 Nc6 3. Nc3 Nf6 4. d4 exd4 5. Nd5 Bc5 6. Bg5 Be7 7. h4 h6 8. Bxf6 Bxf6 9. Qd2 d6 10. O-O-O Be6 11.
Bb5 O-O 12. Rhg1 Bg4 13. Rde1 a6 14. Bd3 Ne5 15. Nh2 Be6 16. f4 Nxd3+ 17. Qxd3 Bxd5 18. exd5 Bxh4 19. Ref1 Bf6 20. g4 g5 21. Nf3 c5 22.
dxc6 bxc6 23. fxg5 Bxg5+ 24. Kb1 c5 25. Nxg5 Qxg5 26.
Rf5 Qe3 27. Qf1 Rab8 28. g5 Rxb2+ 29. Kxb2 Rb8+ 30. Ka1 Qc3# 0-1

[Event "Early-Titled-Tuesday-Blitz-May-14-2024"]
[Site "Chess.com"]
[Date "2024.05.14"]
[Round "10"]
[White "teresin05"]
[Black "cukus"]
[Result "1-0"]
[WhiteElo "2273"]
[BlackElo "2347"]
[TimeControl "180+1"]
[EndTime "9:55:07 PDT"]
[Termination "teresin05 won by resignation"]

1. e4 c5 2. Nf3 e6 3. d4 cxd4 4. Nxd4 Nf6 5. Nc3 Nc6 6. Ndb5 Bc5 7. Bf4 O-O 8. Qd2 Ng4 9. Bg3 Qb6 10. h3 a6 11.
hxg4 axb5 12. Bd3 b4 13. e5 bxc3 14. Bxh7+ Kh8 15. Qd3 cxb2 16. Bg8+ 1-0

[Event "Early-Titled-Tuesday-Blitz-May-14-2024"]
[Site "Chess.com"]
[Date "2024.05.14"]
[Round "10"]
[White "NelsonLinda"]
[Black "Casper"]
[Result "1-0"]
[WhiteElo "2623"]
[BlackElo "2508"]
[TimeControl "180+1"]
[EndTime "9:55:15 PDT"]
[Termination "NelsonLinda won by resignation"]

1. d4 Nf6 2. Nf3 d5 3. e3 Bg4 4.
Be2 e6 5. O-O Bd6 6. Nbd2 Nc6 7.
c4 dxc4 8. Nxc4 O-O 9. h3 Bh5 10.
Nxd6 Qxd6 11. a3 Rad8 12. b4 e5 13. Bb2 Bxf3 14. Bxf3 exd4 15. Bxc6 Qxc6 16. Bxd4 Ne4 17. Rc1 Qd6 18. Qc2 Qg6 19. Qxc7 Nd2 20. Rfd1 Nf3+ 21.
Kh1 Nxd4 22. exd4 Qe4 23. Kg1 Rfe8 24. Qc3 h6 25. d5 Rxd5 26. Re1 1-0